 Dungeon Crawl Stone Soup version 0.29-a0-330-g52719c12eb (webtiles) character file.

Game seed: 12882647690366553855

17 sanka the Insei (level 2, 29/29 HPs)
             Began as a Gnoll Monk on Apr 15, 2022.
             Was a Believer of Elyvilon.
             Quit the game on level 1 of the Dungeon.
             The game lasted 00:00:45 (416 turns).

sanka the Insei (Gnoll Monk)                         Turns: 416, Time: 00:00:46

Health: 29/29      AC:  4    Str: 10    XL:     2   Next: 62%
Magic:  2/2        EV: 15    Int:  9    God:    Elyvilon [**....]
Gold:   14         SH:  0    Dex: 14    Spells: 2/2 levels left

rFire   . . .      SeeInvis .     - Unarmed
rCold   . . .      Faith    .   (no shield)
rNeg    . . .      Spirit   .   a - +0 robe
rPois   .          Reflect  .   (no helmet)
rElec   .          Harm     .   (no cloak)
rCorr   .          Rampage  .   c - +1 pair of gloves
Will    .....                   (no boots)
Stlth   +++.......              (no amulet)
HPRegen 0.09/turn               (no ring)
MPRegen 0.08/turn               (no ring)

@: no status effects
A: fangs 1, strong nose, distributed training
a: Renounce Religion, Purification, Heal Other


You were on level 1 of the Dungeon.
You worshipped Elyvilon.
Elyvilon was pleased with you.
You visited 1 branch of the dungeon, and saw 1 of its levels.

You collected 14 gold pieces.


Innate Abilities, Weirdness & Mutations

You have very sharp teeth.
Your uncanny sense of smell can sniff out nearby items.
Your experience applies equally to all skills.


   Skills:
 + Level 6.5 Fighting
 + Level 0.5 Short Blades
 + Level 0.5 Long Blades
 + Level 0.5 Axes
 + Level 0.5 Maces & Flails
 + Level 0.5 Polearms
 + Level 0.5 Staves
 + Level 0.5 Slings
 + Level 0.5 Bows
 + Level 0.5 Crossbows
 + Level 0.5 Throwing
 + Level 0.5 Armour
 + Level 6.5 Dodging
 + Level 4.1 Stealth
 + Level 0.5 Shields
 + Level 6.5 Unarmed Combat
 + Level 0.5 Spellcasting
 + Level 0.3 Conjurations
 + Level 0.3 Hexes
 + Level 0.3 Summonings
 + Level 0.3 Necromancy
 + Level 0.3 Translocations
 + Level 0.3 Transmutations
 + Level 0.3 Fire Magic
 + Level 0.3 Ice Magic
 + Level 0.3 Air Magic
 + Level 0.3 Earth Magic
 + Level 0.3 Poison Magic
 + Level 0.6 Invocations
 + Level 0.5 Evocations


You had 2 spell levels left.
You didn't know any spells.
Your spell library contained the following spells:

 Spells                   Type           Power      Damage    Failure   Level
 Ignite Poison            Fire/Tmut/Pois 0%         N/A       71%         3
 Mephitic Cloud           Conj/Pois/Air  0%         N/A       71%         3
 Freezing Cloud           Conj/Ice/Air   0%         6-21      100%        5

Inventory:

Armour
 a - a +0 robe (worn)
 c - a +1 pair of gloves (worn)
Scrolls
 d - a scroll of magic mapping {unknown}
Potions
 b - a potion of ambrosia
 e - a potion of haste {unknown}

Dungeon Overview and Level Annotations

Branches:
Dungeon (1/15)

Altars:
Elyvilon

▒▒▒▒▒▒▒.▒ ........▒
▒.▒▒▒▒▒.▒ ▒.▒ ▒.▒
▒.▒▒▒▒▒.▒▒▒▒▒▒▒▒▒▒▒▒▒
▒...................▒
▒▒▒▒▒▒▒.......'''''.▒
▒.........'''''.▒
▒.▒▒▒▒▒▒▒.''g''.▒ ▒.▒
▒.'''''.▒ ▒.▒
▒.''r''.▒ ▒.▒
▒▒▒.....▒ ▒.▒ ▒.....▒
▒.▒▒ ▒.▒▒▒.▒ ▒▒..▒
▒.▒ ▒.▒ ▒▒...▒ ▒.▒ .▒
▒▒..▒.▒ ▒.▒


You could see a rat.


Message History

You hit the giant cockroach.
You kill the giant cockroach!
No target in view!
No target in view!
No target in view!
You open the huge gate.
A rat comes into view.
Found a Trismegistus Codex.
Found a faded altar of an unknown god.
A rat is nearby!
A rat is nearby!
There is a huge open gate here.
There is a huge open gate here.
There is a faded altar of an unknown god here.
There is a huge open gate here.
There is a huge open gate here.
You see here a Trismegistus Codex.
There is a huge open gate here.
You see here a Trismegistus Codex.
You pick up a Trismegistus Codex and begin reading...
You add the spells Ignite Poison, Mephitic Cloud and Freezing Cloud to your library.
There is a huge open gate here.
There is a huge open gate here.
There is a faded altar of an unknown god here.
You cannot tell which god this altar belongs to.
Convert to them anyway?
Elyvilon accepts your prayer! Elyvilon welcomes you!
You can now purify yourself.
You can now heal and attempt to pacify others.
Are you sure you want to abandon this character and quit the game? (Confirm with "yes".)

Action                   || total
-------------------------++-------
Melee: Unarmed           ||    32
       Bite              ||     4
       Punch             ||     2
 Stab: Sleeping          ||     5
Armor: Robe              ||    10
Dodge: Dodged            ||    18

Levels and vault maps discovered:
D:1:      shiori_arrival_maze, layout_loops_ring,
          hellmonk_ecumenical_altar_heavens_door, feat_on_display

Notes
Turn   | Place    | Note
-------+----------+-------------------------------------------
     0 | D:1      | sanka the Gnoll Monk began the quest for the Orb.
     0 | D:1      | Reached XP level 1. HP: 23/23 MP: 1/1
    98 | D:1      | Reached XP level 2. HP: 28/29 MP: 2/2
   402 | D:1      | Found a faded altar of an unknown god.
   415 | D:1      | Prayed at the altar of an unknown god.
   415 | D:1      | Became a worshipper of Elyvilon the Healer
   415 | D:1      | Reached * piety under Elyvilon
   415 | D:1      | Reached ** piety under Elyvilon
   416 | D:1      | Quit the game

Vanquished Creatures
  A dart slug (D:1)
  An endoplasm (D:1)
  A giant cockroach (D:1)
  A goblin (D:1)
  3 hobgoblins (D:1)
  A kobold (D:1)
  3 bats (D:1)
  A frilled lizard (D:1)
  2 rats (D:1)
14 creatures vanquished.
